 Dungeon Crawl Stone Soup version 0.28.0-62-gf88900778d (webtiles) character file.

Game seed: 10362630091316203277

553 cbfl8 the Chopper (level 7, -2/61 HPs)
             Began as a Minotaur Fighter on Sept 13, 2023.
             Shot with an arrow by a centaur (10 damage)
             ... on level 5 of the Dungeon.
             The game lasted 00:04:05 (4040 turns).

cbfl8 the Chopper (Minotaur Fighter)                Turns: 4040, Time: 00:04:06

Health: -2/61      AC: 11    Str: 21    XL:     7   Next: 8%
Magic:  6/6        EV:  7    Int:  5    God:
Gold:   147        SH:  5    Dex: 11    Spells: 6/6 levels left

rFire   x . .      SeeInvis .   a - +0 war axe
rCold   + . .      Faith    .   c - +0 buckler
rNeg    . . .      Spirit   .   t - +0 chain mail
rPois   .          Reflect  .   j - +0 hat
rElec   .          Harm     .   (no cloak)
rCorr   .          Rampage  .   (no gloves)
Will    .....                   r - +0 pair of boots
Stlth   ..........              u - amulet of magic regeneration
HPRegen 0.20/turn               h - ring of ice
MPRegen 0.50/turn               e - ring of flight

@: mighty, flying
A: horns 2, retaliatory headbutt
a: no special abilities


You were on level 5 of the Dungeon.
You visited 1 branch of the dungeon, and saw 5 of its levels.

You collected 147 gold pieces.

Inventory:

Hand Weapons
 a - a +0 war axe (weapon)
Armour
 c - a +0 buckler (worn)
 j - a +0 hat (worn)
 r - a +0 pair of boots (worn)
 t - a +0 chain mail (worn)
Jewellery
 e - a ring of flight (right hand)
 h - a ring of ice (left hand)
 u - an amulet of magic regeneration (around neck)
Scrolls
 b - a scroll of blinking
 g - a scroll of brand weapon
 i - a scroll of teleportation
 o - a scroll of fog
Potions
 d - 3 potions of might
 f - a potion of curing {unknown}
 l - a potion of haste {unknown}
 m - a potion of attraction {unknown}
 n - a potion of ambrosia {unknown}
 q - a potion of heal wounds {unknown}
 s - a potion of lignification {unknown}


   Skills:
 + Level 5.0 Fighting
 + Level 5.5 Axes
 + Level 5.5 Armour
 + Level 4.7 Shields
 * Level 2.8 Evocations


You had 6 spell levels left.
You didn't know any spells.
Your spell library contained the following spells:

 Spells                   Type           Power      Damage    Failure   Level
 Foxfire                  Conj/Fire      0%         2x1d4     99%         1
 Summon Small Mammal      Summ           0%         N/A       99%         1
 Corpse Rot               Necr/Air       0%         N/A       100%        2
 Call Canine Familiar     Summ           0%         N/A       100%        3
 Portal Projectile        Hex/Tloc       0%         N/A       100%        3
 Dispel Undead            Necr           0%         3d6       100%        4
 Leda's Liquefaction      Hex/Erth       0%         N/A       100%        4
 Death Channel            Necr           0%         N/A       100%        6
 Malign Gateway           Summ/Tloc      0%         N/A       100%        7
 Ignition                 Fire           0%         3d3       100%        8


Dungeon Overview and Level Annotations

Branches:
Dungeon (5/15)
 Temple: D:4-7

Altars:
Cheibriados

Annotations:
D:3 2 transporters, cbfl8's ghost, amateur DsFi
D:4 2 transporters, Nonny's ghost, amateur TrCj


Innate Abilities, Weirdness & Mutations

You have a pair of horns on your head.
You reflexively headbutt those who attack you in melee.


Message History

Found a scroll of fear, 10 gold pieces and a leather armour.
The centaur shouts!
You hear a shout!
The centaur wields a +0 shortbow.
The centaur shoots an arrow.
The arrow hits you!
A centaur is nearby!
A troll comes into view.
The centaur shoots an arrow.
The arrow barely misses you.
The centaur shoots an arrow.
You block the arrow.
The centaur shoots an arrow.
The arrow completely misses you.
You see here a scroll of fear.
Unknown command.
The centaur shoots an arrow.
The arrow hits you but does no damage.
Unknown command.
You slash the troll! You headbutt the troll.
The troll is moderately wounded.
You hit the centaur.
The centaur unwields a +0 shortbow.
The centaur barely misses you.
The centaur kicks you but does no damage.
The troll bites you. The troll claws you!
The troll claws you but does no damage.
The centaur hits you but does no damage.
The centaur kicks you but does no damage.
You feel very mighty all of a sudden.
The centaur hits you but does no damage.
You block the centaur's attack. The troll bites you.
The troll barely misses you. The troll claws you!
You closely miss the troll.
The troll is lightly wounded.
You slash the centaur! You block the centaur's attack.
The centaur closely misses you. The troll bites you!
* * * LOW HITPOINT WARNING * * *
The troll claws you.
* * * LOW HITPOINT WARNING * * *
The troll claws you.
* * * LOW HITPOINT WARNING * * *
The centaur hits you but does no damage.
The centaur kicks you but does no damage.
The centaur wields a +0 shortbow.
The centaur shoots an arrow.
The arrow hits you!
You die...

##+#+# #....#
#.....
.#####....######
...............#
.........).....##..
...................
...................
....$...@#<.##.....
###.....##........
#.[cT.#####...#.
.........# ..#
.........# .#
.........# #
..........
......##+# ######


You could see a troll and a centaur.

Vanquished Creatures
  An ogre (D:4)
  2 necrophages
  A hound (D:4)
  An iguana (D:3)
  A mummy (D:3)
  Robin (D:2)
  4 gnolls
  2 river rats (D:4)
  4 adders
  5 worms
  8 orcs (D:3)
  5 bats
  3 endoplasms
  4 giant cockroaches
  13 goblins
  9 hobgoblins
  3 jackals (D:2)
  6 kobolds
  2 quokkas
  7 ball pythons
  5 frilled lizards
  9 rats
96 creatures vanquished.

Notes
Turn   | Place    | Note
-------+----------+-------------------------------------------
     0 | D:1      | cbfl8 the Minotaur Fighter began the quest for the Orb.
     0 | D:1      | Reached XP level 1. HP: 19/19 MP: 0/0
   172 | D:1      | Reached XP level 2. HP: 18/27 MP: 1/1
   809 | D:2      | Noticed Robin
   862 | D:2      | Reached XP level 3. HP: 32/33 MP: 2/2
   866 | D:2      | Killed Robin
   933 | D:2      | Reached skill level 1 in Evocations
  1139 | D:2      | Got the Collected Works on Summoning and Flames
  1243 | D:2      | Reached XP level 4. HP: 37/40 MP: 3/3
  1325 | D:2      | Noticed a necrophage
  1333 | D:2      | Killed a necrophage
  1334 | D:2      | Reached XP level 5. HP: 44/47 MP: 4/4
  1360 | D:2      | Found a faded altar of an unknown god.
  1822 | D:3      | Found a snail-covered altar of Cheibriados.
  1885 | D:3      | Found a transporter.
  1886 | D:3      | Noticed cbfl8's ghost (amateur DsFi)
  1886 | D:3      | Noticed an ogre
  1888 | D:3      | Noticed an ogre
  1891 | D:3      | Found a transporter.
  3122 | D:3      | Reached XP level 6. HP: 12/53 MP: 5/5
  3147 | D:4      | Reached skill level 5 in Armour
  3194 | D:4      | Reached skill level 5 in Axes
  3266 | D:4      | Found a transporter.
  3275 | D:4      | Noticed Nonny's ghost (amateur TrCj)
  3493 | D:4      | Found a transporter.
  3844 | D:4      | Reached skill level 5 in Fighting
  3844 | D:4      | Reached XP level 7. HP: 48/61 MP: 6/6
  4029 | D:5      | Entered Level 5 of the Dungeon
  4034 | D:5      | Noticed a troll
  4040 | D:5      | Shot with an arrow by a centaur

Illustrated notes

Levels and vault maps discovered:
D:1:      dpeg_arrival_rooms_a, layout_loops_ring, supply_closet_lemuel
D:2:      kennysheep_six_static_rooms, layout_basic,
          chequers_ecumenical_altar_island, uniq_robin
D:3:      layout_basic, chei_slow_surprise, gammafunk_ghost_smash
D:4:      layout_gridville, lightli_sewer_entry_pipes,
          gammafunk_ghost_stat_death
D:5:      layout_basic, nicolae_ossuary_entry_catacombs

Skill      XL: |  1  2  3  4  5  6 |
---------------+-------------------+-----
Fighting       | 4 5 |  5.0
Shields        | 4 |  4.7
Armour         | 4 5 |  5.5
Evocations     | 1 2 |  2.8
Axes           | 3 4 5 |  5.5

Action                   |  1- 3 |  4- 6 |  7- 9 || total
-------------------------+-------+-------+-------++-------
Melee: War axe           |    89 |   134 |     2 ||   225
       Headbutt          |    15 |    25 |     1 ||    41
  Use: Scroll            |       |     5 |     1 ||     6
       Potion            |       |       |     1 ||     1
Armor: Scale mail        |    56 |    25 |       ||    81
       Chain mail        |       |    43 |     8 ||    51
Dodge: Dodged            |    44 |    55 |     5 ||   104
Block: Buckler           |    21 |    32 |     3 ||    56
